[Event "AUT-ch Open 2020"]
[Site "Graz"]
[Date "2020.02.20"]
[Round "8.28"]
[White "Halvax, Georg"]
[Black "Godzwon, Iwo"]
[Result "1/2-1/2"]
[ECO "B46"]
[WhiteElo "2428"]
[BlackElo "2321"]
[Annotator "NA"]
[PlyCount "74"]
[EventDate "2020.02.14"]
[EventType "swiss"]
[EventCountry "AUT"]
[SourceTitle "playchess.com"]
[Source "ChessBase"]
[SourceQuality "1"]
[TimeControl "40/5400+30:1800+30"]

1. e4 c5 2. Nf3 e6 3. d4 cxd4 4. Nxd4 Nc6 5. Nc3 a6 6. Be3 Nf6 7. Qd2 e5 8. Nf5 d5 9. exd5 Nb4 10. Ng3 Nbxd5 11. Nxd5 Qxd5 12. c4 Qxd2+ 13. Bxd2 Be6 14. Bc3 Bc5 15. f3 O-O-O 16. Be2 Bd4 17. Bxd4 Rxd4 18. Rd1 Rhd8 19. Rxd4 Rxd4 20. b3 Kc7 21. Nf1 Nd7 22. Nd2 Nc5 23. Kd1 Bf5 24. Kc1 Bd3 25. Re1 f6 26. Kb2 Bg6 27. Kc3 Nd3 28. Rd1 b5 29. cxb5 axb5 30. a3 Kb6 31. g3 Nc5 32. Nf1 Bf7 33. Rxd4 exd4+ 34. Kxd4 Nxb3+ 35. Kc3 Kc5 36. Bd1 Nd4 37. Nd2 Bd5 1/2-1/2

[Event "AUT-ch Open 2020"]
[Site "Graz"]
[Date "2020.02.20"]
[Round "8.31"]
[White "Ohanyan, Emin"]
[Black "Secheres, Adrian-Simion"]
[Result "1-0"]
[ECO "B35"]
[WhiteElo "2209"]
[BlackElo "2209"]
[Annotator "NA"]
[PlyCount "59"]
[EventDate "2020.02.14"]
[EventType "swiss"]
[EventCountry "AUT"]
[SourceTitle "playchess.com"]
[Source "ChessBase"]
[SourceQuality "1"]
[TimeControl "40/5400+30:1800+30"]

1. e4 c5 2. Nf3 Nc6 3. Nc3 g6 4. d4 cxd4 5. Nxd4 Bg7 6. Be3 Nf6 7. Bc4 O-O 8. Bb3 d5 9. exd5 Na5 10. Qd2 a6 11. Bh6 Bxh6 12. Qxh6 b5 13. O-O-O Bb7 14. Rd3 Nxb3+ 15. axb3 b4 16. Nf5 gxf5 17. Rg3+ Ng4 18. Ne4 f6 19. h3 Rf7 20. Nc5 Bxd5 21. hxg4 f4 22. Qxf4 Qa5 23. Na4 Rg7 24. g5 f5 25. Qxf5 e6 26. Qd3 Qc7 27. g6 Qf4+ 28. Kb1 hxg6 29. Rxg6 Raa7 30. Qh3 1-0

[Event "AUT-ch Open 2020"]
[Site "Graz"]
[Date "2020.02.20"]
[Round "8.33"]
[White "Kozak, Antoni"]
[Black "Matt, Fabian"]
[Result "1-0"]
[ECO "A06"]
[WhiteElo "2290"]
[BlackElo "2290"]
[Annotator "NA"]
[PlyCount "79"]
[EventDate "2020.02.14"]
[EventType "swiss"]
[EventCountry "AUT"]
[SourceTitle "playchess.com"]
[Source "ChessBase"]
[SourceQuality "1"]
[TimeControl "40/5400+30:1800+30"]

1. Nf3 d5 2. e3 Nf6 3. c4 e6 4. b3 c5 5. Bb2 Nc6 6. cxd5 exd5 7. d4 cxd4 8. Nxd4 Bb4+ 9. Bc3 Qa5 10. Qd2 Bxc3 11. Nxc3 Bg4 12. h3 Bd7 13. Nxc6 bxc6 14. Be2 O-O 15. O-O Rac8 16. Rfd1 Rfd8 17. Ne4 Qxd2 18. Nxf6+ gxf6 19. Rxd2 a5 20. Rc1 Ra8 21. Rd4 Rdb8 22. Rf4 f5 23. Bd3 Rb4 24. Rf3 Kg7 25. Bxf5 Bxf5 26. Rxf5 Ra6 27. Rg5+ Kf6 28. Rg4 Rxg4 29. hxg4 Ke5 30. Kf1 Kd6 31. Ke2 c5 32. Rh1 Ke7 33. Rh5 Rd6 34. e4 a4 35. Rxd5 Rxd5 36. exd5 axb3 37. axb3 Kd6 38. Kd3 Kxd5 39. g5 Kc6 40. Ke4 {[%emt 0:00:29] Kd5+} 1-0